 Dungeon Crawl Stone Soup version 0.31-a0-198-g2ad674f65e (webtiles) character file.

Game seed: 13240362291513436051

46 qw the Shooter (level 3, 0/20 HPs)
             Began as a Deep Elf Hunter on June 25, 2023.
             Slain by a hobgoblin (4 damage)
             ... led by Robin
             ... on level 2 of the Dungeon.
             The game lasted 00:00:25 (1090 turns).

qw the Shooter (Deep Elf Hunter)                    Turns: 1090, Time: 00:00:25

Health: 0/20       AC:  3    Str: 16    XL:     3   Next: 44%
Magic:  5/5        EV: 12    Int: 13    God:
Gold:   36         SH:  0    Dex: 18    Spells: 2/2 levels left

rFire   . . .        Y - +1 shortbow
rCold   . . .        (shield currently unavailable)
rNeg    . . .        c - +0 leather armour
rPois   .            (no helmet)
rElec   .            (no cloak)
rCorr   .            (no gloves)
SInv    .            (no boots)
Will    .....        (no amulet)
Stlth   ++           f - +6 ring of strength
HPRegen 0.23/turn    (no ring)
MPRegen 0.09/turn

%: no passive effects
@: no status effects
A: no striking features
a: no special abilities


You were on level 2 of the Dungeon.
You visited 1 branch of the dungeon, and saw 2 of its levels.

You collected 36 gold pieces.


   Skills:
 - Level 1.5 Fighting
 + Level 7.0 Ranged Weapons
 - Level 2.4 Dodging
 - Level 1.2 Stealth


You had 2 spell levels left.
You didn't know any spells.
Your spell library was empty.

Inventory:

Hand Weapons
 Y - a +1 shortbow (weapon)
Armour
 b - a +0 pair of gloves
 c - a +0 leather armour (worn)
Jewellery
 d - a ring of magical power
 f - a +6 ring of strength (left hand)
Potions
 a - a potion of attraction {unknown}

Dungeon Overview and Level Annotations

Branches:
Dungeon (2/15)

Altars:

Annotations:
D:2 Robin


Message History

A goblin comes into view. It is wielding a +0 dagger.
You shoot an arrow. The arrow hits the hobgoblin!
You kill the hobgoblin!
Robin roars a battlecry!
The goblins go into a battle-frenzy!
The goblin unwields a +0 dagger.
The goblin wields a +0 sling.
The goblin shoots a sling bullet.
The sling bullet hits you.
Your Ranged Weapons skill increases to level 7!
You shoot an arrow. The arrow hits the goblin.
The goblin is moderately wounded.
A hobgoblin comes into view.
The goblin hits you with a +0 dagger.
The goblin shoots a sling bullet.
The sling bullet closely misses you.
You shoot an arrow. The arrow closely misses the goblin.
You hear a zap.
Some rock shatters into small pieces.
The hobgoblin barely misses you. The goblin barely misses you.
The goblin shoots a sling bullet.
The sling bullet hits you but does no damage.
The goblin hits you but does no damage.
The hobgoblin hits you but does no damage.
Enter note: You shoot an arrow.
The arrow hits the goblin!
You kill the goblin!
The goblin shoots a sling bullet.
The sling bullet closely misses you.
You hear a zap.
Some rock shatters into small pieces.
The hobgoblin misses you.
Enter note: You shoot an arrow.
The arrow barely misses the hobgoblin.
The hobgoblin hits you.
You shoot an arrow. The arrow hits the goblin.
The goblin is almost dead.
The goblin unwields a +0 sling.
The goblin wields a +0 dagger.
The goblin hits you with a +0 dagger. The hobgoblin completely misses you.
You shoot an arrow. The arrow barely misses the goblin.
The goblin hits you with a +0 dagger. Robin barely misses you.
The hobgoblin closely misses you.
You shoot an arrow. The arrow hits the goblin!
You kill the goblin!
The hobgoblin hits you.
You die...

#.###########.# #.#
#.............## #.#
.###########...# #.# .#
#.......### #.#######
.#######.#.......#######...(...#
>...................>...######[#
.#######.........######.# #.# .#
#..#.....####....# #.# .#
#..#....)@))...#.# #.# .#
#..###.#g#g...##.# #.# .# #..#
#.## ...###.# #.## .### #..###.#
.....^.# #... ...# #......#
#.###### #### ##.# ##.##### .#
#.######.# .# #........# .#
##########


You could see Robin and a hobgoblin (strong).

Vanquished Creatures
  A bat (D:1)
  5 endoplasms
  4 giant cockroaches (D:1)
  3 hobgoblins
  7 jackals (D:1)
  A quokka (D:1)
  4 ball pythons (D:1)
  2 frilled lizards (D:1)
  6 goblins
  3 kobolds (D:1)
  6 rats (D:1)
42 creatures vanquished.

Notes
Turn   | Place    | Note
-------+----------+-------------------------------------------
     0 | D:1      | qw the Deep Elf Hunter began the quest for the Orb.
     0 | D:1      | Reached XP level 1. HP: 12/12 MP: 3/3
     0 | D:1      | 0 ||| qw: Version: 0.3-a-22-g0ed2b0b
     0 | D:1      | 0 ||| qw: Game counter: 4878
     0 | D:1      | 0 ||| qw: Melee chars always use a shield: true
     0 | D:1      | 0 ||| qw: God list: Okawaru
     0 | D:1      | 0 ||| qw: Allow faded altars: false
     0 | D:1      | 0 ||| qw: Do Orc after clearing Dungeon:15 true
     0 | D:1      | 0 ||| qw: Do second Lair branch before Depths: true
     0 | D:1      | 0 ||| qw: Lair rune preference: random
     0 | D:1      | 0 ||| qw: Goals: Normal
     0 | D:1      | 0 ||| PLANNING D:1-11
    71 | D:1      | Reached XP level 2. HP: 16/16 MP: 4/4
    75 | D:1      | Reached skill level 6 in Ranged Weapons
   241 | D:1      | Found a faded altar of an unknown god.
   312 | D:1      | Reached XP level 3. HP: 20/20 MP: 5/5
   716 | D:1      | 716 ||| UPGRADING to +6 ring of strength.
   717 | D:1      | 717 ||| READING scroll labelled EMEIZO AGEDWUCW.
   720 | D:1      | 720 ||| READING scroll labelled ZAT HUISSUYZI.
   721 | D:1      | 721 ||| READING scroll labelled TIOQAYNTOI.
   722 | D:1      | 722 ||| READING scroll labelled SOXTUL ZIMIT.
   823 | D:1      | 823 ||| READING scroll labelled HUTUTTU WUECZE.
   824 | D:1      | 824 ||| READING scroll labelled KAICEYD SUCK.
   825 | D:1      | 825 ||| DROPPING scroll of butterflies.
  1079 | D:2      | Noticed Robin
  1080 | D:2      | 1080 ||| Stepping ~*~*~tactically~*~*~ (outnumbered).
  1084 | D:2      | Reached skill level 7 in Ranged Weapons
  1089 | D:2      | HP: 4/20 [goblin/+0 dagger[Robin] (2)]
  1090 | D:2      | Slain by a hobgoblin

Levels and vault maps discovered:
D:1:      onia_arrival_pentagram, layout_basic,
          shapermc_ecumenical_altar_flowoftime
D:2:      layout_loops_ring, uniq_robin

Skill      XL: |  1  2  3 |
---------------+----------+-----
Ranged Weapons | 6 7 |  7.0
Fighting       | |  1.5
Dodging        | |  2.4
Stealth        | |  1.2

Action                     || total
---------------------------++-------
   Fire: Shortbow          ||    90
    Use: Scroll            ||     6
 Armour: Leather armour    ||     8
  Dodge: Dodged            ||    22

Table legend:
 A = Non-vault XP
 B = Vault XP
 C = Vault XP percentage of total XP
 D = Non-vault monster count
 E = Vault monster count
 F = Vault count percentage of total count
                 A         B        C        D         E       F
            +---------+---------+-------+---------+---------+-------
      Total |      55 |      13 |  19.1 |      35 |       7 |  16.7
            +---------+---------+-------+---------+---------+-------
        D:1 |      53 |       0 |   0.0 |      34 |       0 |   0.0
        D:2 |       2 |      13 |  86.7 |       1 |       7 |  87.5
            +---------+---------+-------+---------+---------+-------
